 Dungeon Crawl Stone Soup version 0.20.1-2-g1830e616b0 (webtiles) character file.

106 Alfie the Shooter (level 5, -6/39 HPs)
             Began as a Human Hunter on Jan 16, 2020.
             Killed from afar by an orc wizard (8 damage)
             ... with a puff of frost
             ... on level 3 of the Dungeon.
             The game lasted 00:09:51 (1929 turns).

Alfie the Shooter (Human Hunter)                    Turns: 1929, Time: 00:09:52

Health: -6/39      AC:  3    Str: 13    XL:     5   Next: 10%
Magic:  5/5        EV: 12    Int: 11    God:
Gold:   85         SH:  0    Dex: 14    Spells: 4/4 levels left

rFire    . . .     SeeInvis .   b - +1 short sword
rCold    . . .     Gourm    .   (no shield)
rNeg     . . .     Faith    .   c - +0 leather armour
rPois    .         Spirit   .   (no helmet)
rElec    .         Reflect  .   (no cloak)
rCorr    .         Harm     .   (no gloves)
MR       .....                  (no boots)
Stlth    ++........             (no amulet)
Regen    0.2/turn               (no ring)
MPRegen  0.1/turn               (no ring)

@: no status effects
A: no striking features
a: no special abilities


You were on level 3 of the Dungeon.
You were not hungry.

You visited 1 branch of the dungeon, and saw 3 of its levels.

You collected 85 gold pieces.

Inventory:

Hand Weapons
 a - a +1 shortbow
 b - a +1 short sword (weapon)
Armour
 c - a +0 leather armour (worn)
Jewellery
 l - an uncursed ring of magical power
Scrolls
 e - a scroll of fog {unknown}
 i - a scroll of teleportation
 j - 4 scrolls of identify
 o - a scroll of recharging
 p - 3 scrolls of remove curse
Potions
 h - 3 potions of lignification
 m - a potion of degeneration {unknown}
Comestibles
 f - 3 bread rations
 g - a meat ration
 n - 4 fruits


   Skills:
 + Level 2.4 Fighting
 + Level 0.4 Short Blades
 + Level 5.1 Bows
 + Level 1.7 Armour
 + Level 2.3 Dodging
 + Level 1.2 Stealth


You had 4 spell levels left.
You didn't know any spells.

Dungeon Overview and Level Annotations

Branches:
Dungeon (3/15)

Altars:


Message History

Wield which item (- for none, * to show all)? (? for menu, Esc to quit)
b - a +1 short sword (weapon)
Wield which item (- for none, * to show all)? (? for menu, Esc to quit)
a - a +1 shortbow (weapon)
f - 3 bread rations (gained 1) Firing (i - inventory): No suitable missiles.
Press: ? - help, Shift-Dir - straight line, f/p - orc wizard
Aim: an orc wizard, wielding a dagger and wearing a robe (moderately wounded)
Okay, then.
Wield which item (- for none, * to show all)? (? for menu, Esc to quit)
b - a +1 short sword (weapon)
The orc wizard gestures at you while chanting.
The magic dart hits you!
* * * LOW HITPOINT WARNING * * *
The orc wizard points at you and mumbles some strange words.
The magic dart hits you!
* * * LOW HITPOINT WARNING * * *
The orc wizard gestures at you while chanting.
The puff of frost hits you!
You die...

.......#...##.....#
.......#...##.....#
......#...........#
......#...........#
......#...........######
....#########..........#
...######## #...#......#
#.....###...#......#
#.....o.....@.......
#........o.#........
.............#........
........######........
...)..... .........
##(...... ...#####.
#(...... ...# .(.......
.....


You could see an orc wizard and an orc.

Vanquished Creatures
  5 adders (D:2)
  4 leopard geckos
  3 orcs (D:3)
  A giant cockroach (D:2)
  6 goblins
  3 hobgoblins (D:1)
  3 jackals (D:1)
  10 kobolds
  2 ball pythons
  10 bats
  6 frilled lizards
  5 rats
58 creatures vanquished.

Notes
Turn   | Place    | Note
-------+----------+-------------------------------------------
     0 | D:1      | Alfie the Human Hunter began the quest for the Orb.
     0 | D:1      | Reached XP level 1. HP: 16/16 MP: 1/1
    79 | D:1      | Reached XP level 2. HP: 22/22 MP: 2/2
   472 | D:1      | Reached XP level 3. HP: 27/27 MP: 3/3
   995 | D:2      | Reached skill level 5 in Bows
   995 | D:2      | Reached XP level 4. HP: 12/33 MP: 4/4
  1079 | D:2      | Reached skill level 1 in Armour
  1736 | D:2      | Reached XP level 5. HP: 11/39 MP: 5/5
  1929 | D:3      | Killed from afar by an orc wizard

Skill      XL: |  1  2  3  4 |
---------------+-------------+-----
Bows           | 5 |  5.1
Armour         | 1 |  1.7
Fighting       | |  2.4
Short Blades   | |  0.4
Dodging        | |  2.3
Stealth        | |  1.2

Action                   |  1- 3 |  4- 6 || total
-------------------------+-------+-------++-------
Melee: Short sword       |    55 |    49 ||   104
 Fire: Shortbow          |    64 |    41 ||   105
  Use: Scroll            |     2 |     5 ||     7
 Stab: Sleeping          |     1 |       ||     1
  Eat: Meat ration       |       |     1 ||     1
Armor: Leather armour    |    36 |    14 ||    50
Dodge: Dodged            |    86 |    43 ||   129
